 Dungeon Crawl Stone Soup version 0.28.0 (webtiles) character file.

Game seed: 8513504463312916725

100 Alacron the Chopper (level 4, 0/39 (41) HPs)
             Began as a Minotaur Berserker on Feb 16, 2022.
             Was a Believer of Trog.
             Slain by Crazy Yiuf (5 damage)
             ... while petrified by Crazy Yiuf
             ... on level 2 of the Dungeon.
             The game lasted 00:02:34 (1653 turns).

Alacron the Chopper (Minotaur Berserker)            Turns: 1653, Time: 00:02:35

HP:   0/39 (41)     AC:  5    Str: 23    XL:     4   Next: 47%
MP:   3/3           EV:  2    Int:  4    God:    Trog [**....]
Gold: 30            SH:  0    Dex: 10    Spells: 3/3 levels left

rFire   . . .      SeeInvis .   a - +0 hand axe
rCold   . . .      Faith    .   (no shield)
rNeg    + + +      Spirit   .   c - +0 ring mail
rPois   ∞          Reflect  .   (helmet restricted)
rElec   .          Harm     .   (no cloak)
rCorr   .          Rampage  .   (no gloves)
Will    .....                   (no boots)
Stlth   ..........              (no amulet)
HPRegen 0.13/turn               (no ring)
MPRegen 0.08/turn               (no ring)

@: petrified, lightly drained
A: horns 2, retaliatory headbutt
a: Renounce Religion, Berserk, Trog's Hand


You were on level 2 of the Dungeon.
You worshipped Trog.
Trog was pleased with you.
You visited 1 branch of the dungeon, and saw 2 of its levels.

You collected 30 gold pieces.

Inventory:

Hand Weapons
 a - a +0 hand axe (weapon)
Armour
 b - a +0 animal skin
 c - a +0 ring mail (worn)
Scrolls
 e - a scroll of identify {unknown}
 g - 2 scrolls of magic mapping {unknown}
 h - a scroll of teleportation {unknown}
 i - a scroll of vulnerability {unknown}
 k - a scroll of enchant weapon {unknown}
Potions
 d - a potion of brilliance {unknown}
 f - 2 potions of attraction {unknown}
 j - a potion of flight {unknown}


   Skills:
 + Level 4.6 Fighting
 + Level 4.9 Axes
 + Level 3.5 Armour
 + Level 2.4 Dodging


You had 3 spell levels left.
You didn't know any spells.
Your spell library was empty.

Dungeon Overview and Level Annotations

Branches:
Dungeon (2/15)

Altars:
Nemelex Xobeh

Annotations:
D:2 Crazy Yiuf


Innate Abilities, Weirdness & Mutations

You have a pair of horns on your head.
You reflexively headbutt those who attack you in melee.


Message History

There is an open door here.
There is an open door here.
Crazy Yiuf cries, "Rot mumblescurry mumblescurry!"
Could not explore, unopened runed door.
No reachable target in view!
Could not explore, unopened runed door.
(D) Dungeon
Where to? (Enter - D:2, ? - help)
Okay, then.
You open the door. You barely miss Crazy Yiuf.
Crazy Yiuf hits you with a +4 quarterstaff of chaos.
Crazy Yiuf freezes you.
You slash Crazy Yiuf!
Crazy Yiuf is moderately wounded.
Crazy Yiuf closely misses you.
You hit Crazy Yiuf.
You headbutt Crazy Yiuf, but do no damage.
Crazy Yiuf is heavily wounded.
Crazy Yiuf hits you with a +4 quarterstaff of chaos!
You barely miss Crazy Yiuf.
Crazy Yiuf is heavily wounded.
Crazy Yiuf hits you with a +4 quarterstaff of chaos!
You are slowing down.
You are too injured to fight recklessly!
You closely miss Crazy Yiuf.
Crazy Yiuf is heavily wounded.
Crazy Yiuf completely misses you.
Crazy Yiuf hits you with a +4 quarterstaff of chaos!
* * * LOW HITPOINT WARNING * * *
You feel drained.
Your limbs are stiffening.
Unknown command.
You closely miss Crazy Yiuf.
You headbutt Crazy Yiuf, but do no damage.
Crazy Yiuf is heavily wounded.
Crazy Yiuf hits you with a +4 quarterstaff of chaos!
* * * LOW HITPOINT WARNING * * *
You have turned to stone.
Crazy Yiuf hits you with a +4 quarterstaff of chaos!
You die...

##### #...# #####
#####...# #)..#
#<......# #...#
###.###...# ...
#...###...# #g#
##.....##.# ♣@♣♣
###.....#### ♣♣.♣
........# ♣.♣♣
#.......### ♣♣.♣
+.........## ♣♣.♣♣
#..........# ♣♣...♣
#..........# ♣..P.♣
#..........# ##..##
####....##'####....#


You could see Crazy Yiuf.

Vanquished Creatures
  3 adders (D:2)
  5 dart slugs
  5 bats
  7 endoplasms
  6 giant cockroaches
  3 goblins
  3 hobgoblins
  3 jackals
  3 quokkas (D:1)
  6 ball pythons
  3 frilled lizards
  7 kobolds
  3 rats
57 creatures vanquished.

Vanquished Creatures (others)
  A fungus (D:2)
  5 plants (D:2)
6 creatures vanquished.

Grand Total: 63 creatures vanquished

Notes
Turn   | Place    | Note
-------+----------+-------------------------------------------
     0 | D:1      | Alacron the Minotaur Berserker began the quest for the Orb.
     0 | D:1      | Reached XP level 1. HP: 19/19 MP: 0/0
   119 | D:1      | Reached XP level 2. HP: 27/27 MP: 1/1
   294 | D:1      | Reached XP level 3. HP: 23/33 MP: 2/2
   439 | D:1      | Found a faded altar of an unknown god.
   588 | D:1      | Reached ** piety under Trog
  1209 | D:2      | Reached XP level 4. HP: 40/41 MP: 3/3
  1380 | D:2      | Found a sparkling altar of Nemelex Xobeh.
  1593 | D:2      | Found a runed translucent door.
  1594 | D:2      | Noticed Crazy Yiuf
  1653 | D:2      | Slain by Crazy Yiuf

Illustrated notes

Levels and vault maps discovered:
D:1:      scummos_arrival_hexagon, layout_loops_cross,
          ebering_ecumenical_altar_box
D:2:      cheibrodos_helix_gallery, layout_basic, basic_altar,
          serial_bayou_pond_b, minivault_11, minmay_tromino_v4_c,
          uniq_crazy_yiuf_cottage

Skill      XL: |  1  2  3 |
---------------+----------+-----
Axes           | 4 |  4.9
Fighting       | 4 |  4.6
Armour         | 3 |  3.5
Dodging        | |  2.4

Action                   |  1- 3 |  4- 6 || total
-------------------------+-------+-------++-------
Melee: Hand axe          |    87 |    27 ||   114
       Headbutt          |    15 |     6 ||    21
       Punch             |     1 |     1 ||     2
Armor: Ring mail         |    27 |     6 ||    33
Dodge: Dodged            |    55 |    11 ||    66
